 Dungeon Crawl Stone Soup version 0.31-a0-202-g547052bce9 (webtiles) character file.

Game seed: 5286134343822363807

59 qw the Shooter (level 3, -1/20 HPs)
             Began as a Deep Elf Hunter on June 26, 2023.
             Killed from afar by Sigmund (9 damage)
             ... with a magic dart
             ... on level 2 of the Dungeon.
             The game lasted 00:00:33 (1294 turns).

qw the Shooter (Deep Elf Hunter)                    Turns: 1294, Time: 00:00:33

Health: -1/20      AC:  7    Str: 10    XL:     3   Next: 78%
Magic:  5/5        EV: 11    Int: 13    God:
Gold:   67         SH:  0    Dex: 24    Spells: 2/2 levels left

rFire   . . .        Y - +0 shortbow
rCold   . . .        (shield currently unavailable)
rNeg    . . .        f - +0 ring mail
rPois   .            (no helmet)
rElec   .            k - +0 cloak
rCorr   .            (no gloves)
SInv    .            i - +0 pair of boots
Will    .....        (no amulet)
Stlth   ++           e - +6 ring of dexterity
HPRegen 0.23/turn    (no ring)
MPRegen 0.09/turn

%: no passive effects
@: no status effects
A: no striking features
a: no special abilities


You were on level 2 of the Dungeon.
You visited 1 branch of the dungeon, and saw 2 of its levels.

You collected 67 gold pieces.


   Skills:
 - Level 1.5 Fighting
 + Level 7.3 Ranged Weapons
 - Level 2.4 Dodging
 - Level 1.2 Stealth


You had 2 spell levels left.
You didn't know any spells.
Your spell library was empty.

Inventory:

Hand Weapons
 Y - a +0 shortbow (weapon)
Armour
 f - a +0 ring mail (worn)
 i - a +0 pair of boots (worn)
 k - a +0 cloak (worn)
Jewellery
 e - a +6 ring of dexterity (left hand)
 h - a ring of fire
Scrolls
 l - a scroll of identify
 m - a scroll of fog {unknown}
 n - a scroll of torment {unknown}
 o - a scroll of blinking {unknown}
Potions
 b - a potion of lignification {unknown}
 g - a potion of heal wounds {unknown}
 j - a potion of mutation {unknown}
 p - a potion of might {unknown}

Dungeon Overview and Level Annotations

Branches:
Dungeon (2/15)

Altars:

Shops:
D:1 (

Annotations:
D:2 Sigmund


Message History

Sigmund barely misses you. Sigmund closely misses you.
You feel less confused.
Enter note:
Enter note:
Enter note:
Enter note: Sigmund says, "Now you see me, now you don't..."
1287 ||| FLEEEEING.
1288 ||| FLEEEEING.
Sigmund casts a spell.
Sigmund flickers and vanishes!
Deactivating autopickup; reactivate with Ctrl-A.
1289 ||| STILL FLEEEEING.
A magic dart appears from out of thin air!
The magic dart hits you but does no damage.
1290 ||| STILL FLEEEEING.
1291 ||| STILL FLEEEEING.
1292 ||| STILL FLEEEEING.
1293 ||| STILL FLEEEEING.
Enter note:
Enter note:
Enter note:
Enter note:
Enter note:
Enter note:
Enter note:
Enter note:
Enter note:
Enter note:
Enter note:
Enter note:
Enter note:
Enter note:
Enter note:
Enter note:
1294 ||| STILL FLEEEEING.
A magic dart appears from out of thin air!
The magic dart hits you!
You die...

##.##.............#
#......##########.# ###..###.#
#.# #.......>####### #.#
##########.#............####.#
).............#########......#
##########.{..# ######.#
###..########### #.#
#>...@.......# #.#
#..#####.###.# #.#### #..# #<#
#.# #..... #..# #.###.# #.>...
#..#####.....####..#..
#.....................
#..######..######..#.#
#..######..######..#.#
#..................#.#


There were no monsters in sight!

Vanquished Creatures
  2 adders (D:2)
  2 worms (D:2)
  2 dart slugs
  4 endoplasms (D:1)
  2 giant cockroaches
  6 goblins
  2 hobgoblins
  A ball python (D:1)
  3 bats
  2 frilled lizards
  2 kobolds
  A rat (D:1)
29 creatures vanquished.

Notes
Turn   | Place    | Note
-------+----------+-------------------------------------------
     0 | D:1      | qw the Deep Elf Hunter began the quest for the Orb.
     0 | D:1      | Reached XP level 1. HP: 12/12 MP: 3/3
     0 | D:1      | 0 ||| qw: Version: 0.3-a-22-g0ed2b0b
     0 | D:1      | 0 ||| qw: Game counter: 5786
     0 | D:1      | 0 ||| qw: Melee chars always use a shield: true
     0 | D:1      | 0 ||| qw: God list: Okawaru
     0 | D:1      | 0 ||| qw: Allow faded altars: false
     0 | D:1      | 0 ||| qw: Do Orc after clearing Dungeon:15 true
     0 | D:1      | 0 ||| qw: Do second Lair branch before Depths: true
     0 | D:1      | 0 ||| qw: Lair rune preference: random
     0 | D:1      | 0 ||| qw: Goals: Normal
     0 | D:1      | 0 ||| PLANNING D:1-11
   238 | D:1      | Found Xifrysch's Antique Weapon Shop.
   270 | D:1      | Reached XP level 2. HP: 16/16 MP: 4/4
   274 | D:1      | Reached skill level 6 in Ranged Weapons
   312 | D:1      | Found a faded altar of an unknown god.
   665 | D:1      | 665 ||| UPGRADING to +0 ring mail.
   675 | D:1      | 675 ||| DROPPING +0 leather armour.
   676 | D:1      | 676 ||| UPGRADING to +0 pair of boots.
   681 | D:1      | 681 ||| UPGRADING to +0 cloak.
   686 | D:1      | 686 ||| UPGRADING to +6 ring of dexterity.
   687 | D:1      | 687 ||| DRINKING 2 green potions.
   688 | D:1      | 688 ||| DROPPING scroll of butterflies.
   730 | D:2      | Reached XP level 3. HP: 20/20 MP: 5/5
   929 | D:2      | HP: 2/20 [worm (5)]
  1068 | D:2      | Reached skill level 7 in Ranged Weapons
  1110 | D:2      | 1110 ||| Stepping ~*~*~tactically~*~*~ (outnumbered).
  1253 | D:2      | Noticed Sigmund
  1257 | D:2      | 1257 ||| DRINKING potion of curing.
  1257 | D:2      | 1257 ||| (to cure confusion)
  1265 | D:2      | 1265 ||| READING scroll labelled DUWNAI RE UTEI.
  1265 | D:2      | HP: 2/20 [Sigmund/+0 scythe (5)]
  1267 | D:2      | 1267 ||| READING 2 scrolls labelled GEQICWIRIE.
  1287 | D:2      | 1287 ||| FLEEEEING.
  1288 | D:2      | 1288 ||| FLEEEEING.
  1294 | D:2      | Killed from afar by Sigmund

Levels and vault maps discovered:
D:1:      lightli_arrival_noodles, layout_basic, serial_aquarium,
          aquarium_bridge_long_separate [aquarium_subvault_bridge,
          aquarium_subvault_bridge, aquarium_subvault_bridge,
          aquarium_subvault_wall, aquarium_subvault_window,
          aquarium_subvault_bridge], aquarium_bridge_square
          [aquarium_subvault_window, aquarium_subvault_bridge,
          aquarium_subvault_wall, aquarium_subvault_bridge],
          aquarium_window_corridor_1, aquarium_window_double,
          aquarium_window_fake, aquarium_view_2c, aquarium_view_2b,
          aquarium_balcony_3a, dreamdust_ecumenical_altar_grove, serial_shops,
          shop, minmay_cupped
D:2:      layout_loops_ring, uniq_sigmund

Skill      XL: |  1  2  3 |
---------------+----------+-----
Ranged Weapons | 6 7 |  7.3
Fighting       | |  1.5
Dodging        | |  2.4
Stealth        | |  1.2

Action                     || total
---------------------------++-------
   Fire: Shortbow          ||    99
    Use: Potion            ||     2
         Scroll            ||     2
 Armour: Leather armour    ||     2
         Ring mail         ||    10
  Dodge: Dodged            ||    28

Table legend:
 A = Non-vault XP
 B = Vault XP
 C = Vault XP percentage of total XP
 D = Non-vault monster count
 E = Vault monster count
 F = Vault count percentage of total count
                 A         B        C        D         E       F
            +---------+---------+-------+---------+---------+-------
      Total |      81 |       4 |   4.7 |      26 |       3 |  10.3
            +---------+---------+-------+---------+---------+-------
        D:1 |      28 |       4 |  12.5 |      15 |       3 |  16.7
        D:2 |      53 |       0 |   0.0 |      11 |       0 |   0.0
            +---------+---------+-------+---------+---------+-------
